 Dungeon Crawl Stone Soup version 0.29.1-12-g30fa7ad0bf (webtiles) character file.

Game seed: 1354564352079342373

96 nachturnus the Slasher (level 4, -1/33 HPs)
             Began as a Human Gladiator on Jan 6, 2023.
             Slain by a gnoll
             ... wielding a +0 spear
              (3 damage)
             ... on level 3 of the Dungeon.
             The game lasted 00:04:51 (2474 turns).

nachturnus the Slasher (Human Gladiator)            Turns: 2474, Time: 00:04:51

Health: -1/33      AC:  8    Str: 16    XL:     4   Next: 98%
Magic:  4/4        EV: 10    Int:  9    God:
Gold:   149        SH:  0    Dex: 14    Spells: 3/3 levels left

rFire   . . .      SeeInvis .   a - +0 long sword
rCold   . . .      Faith    .   (no shield)
rNeg    . . .      Spirit   .   j - +0 scale mail
rPois   .          Reflect  .   c - +0 helmet
rElec   .          Harm     .   k - +0 cloak
rCorr   .          Rampage  .   (no gloves)
Will    .....                   (no boots)
Stlth   ..........              (no amulet)
HPRegen 0.11/turn               (no ring)
MPRegen 0.09/turn               (no ring)

@: no status effects
A: no striking features
a: no special abilities


You were on level 3 of the Dungeon.
You visited 1 branch of the dungeon, and saw 3 of its levels.

You collected 149 gold pieces.

Inventory:

Hand Weapons
 a - a +0 long sword (weapon)
Missiles
 d - 3 throwing nets (quivered)
 e - 5 javelins
Armour
 b - a +0 leather armour
 c - a +0 helmet (worn)
 j - a +0 scale mail (worn)
 k - a +0 cloak (worn)
Scrolls
 f - a scroll of fear
 g - a scroll of magic mapping
Potions
 i - a potion of flight
 l - 3 potions of curing
 o - a potion of attraction {unknown}


   Skills:
 - Level 2.0 Fighting
 + Level 5.3 Long Blades
 - Level 2.0 Throwing
 - Level 3.0 Dodging


You had 3 spell levels left.
You didn't know any spells.
Your spell library contained the following spells:

 Spells                   Type           Power      Damage    Failure   Level
 Sandblast                Erth           0%         2d4       83%         1
 Passwall                 Tmut/Erth      0%         N/A       93%         2
 Stone Arrow              Conj/Erth      0%         3d7       99%         3


Dungeon Overview and Level Annotations

Branches:
Dungeon (3/15)

Altars:

Shops:
D:1 [

Annotations:
D:3 Grinder


Message History

You open the door.
There is an open door here.
Found 2 potions of curing.
l - 3 potions of curing (gained 2)
A gnoll comes into view. It is wielding a +0 flail.
The gnoll shouts!
A gnoll comes into view. It is wielding a +0 spear.
The gnoll shouts!
You see here 16 gold pieces.
You now have 149 gold pieces (gained 16).
A gnoll comes into view. It is wielding a +0 flail.
You slash the gnoll!
The gnoll is severely wounded.
The gnoll hits you with a +0 flail!
You barely miss the gnoll.
The gnoll is severely wounded.
The gnoll barely misses you. The gnoll hits you with a +0 flail.
You hit the gnoll.
The gnoll is almost dead.
The gnoll hits you with a +0 flail.
The gnoll hits you from afar with a +0 spear.
The gnoll barely misses you. x2
You closely miss the gnoll.
The gnoll is almost dead.
The gnoll hits you with a +0 flail. The gnoll barely misses you.
You are too injured to fight recklessly!
You are too injured to fight recklessly!
You are too injured to fight recklessly!
You are too injured to fight recklessly!
You are too injured to fight recklessly!
You hit the gnoll.
You kill the gnoll!
The gnoll hits you from afar with a +0 spear.
The gnoll hits you with a +0 spear!
* * * LOW HITPOINT WARNING * * *
You see here a +0 flail.
You hit the gnoll.
The gnoll is moderately wounded.
The gnoll hits you with a +0 spear.
You die...

#... #..# #..# #..# #..# #
#..# ... #..#######..#
#......@gg..#
####.#########+## #.#
##.##.# ##...## #.# #.#...#
##.....## #.### ##.##.##
##.......####.#.##
#.#...####.........##.....#
#........'.........'.......
#.#...####.........#..♣...#
#....## ##.......##.♣♣.<..


You could see 2 gnolls.

Vanquished Creatures
  2 adders
  A gnoll (D:3)
  A worm (D:2)
  3 dart slugs (D:1)
  4 bats
  2 endoplasms
  4 giant cockroaches
  5 hobgoblins
  6 jackals (D:2)
  A quokka (D:2)
  7 ball pythons
  5 frilled lizards
  7 goblins
  5 kobolds
  5 rats
58 creatures vanquished.

Notes
Turn   | Place    | Note
-------+----------+-------------------------------------------
     0 | D:1      | nachturnus the Human Gladiator began the quest for the Orb.
     0 | D:1      | Reached XP level 1. HP: 16/16 MP: 1/1
    56 | D:1      | Reached XP level 2. HP: 2/22 MP: 2/2
   637 | D:1      | Found Repnicoh's Armour Boutique.
   717 | D:1      | Reached skill level 4 in Long Blades
   717 | D:1      | Reached XP level 3. HP: 27/27 MP: 3/3
  1248 | D:1      | Reached XP level 4. HP: 29/33 MP: 4/4
  1421 | D:2      | Reached skill level 5 in Long Blades
  1980 | D:2      | Identified the +1 robe of the Spheres {rF+}
  2289 | D:3      | Noticed Grinder
  2474 | D:3      | Slain by a gnoll

Illustrated notes

Levels and vault maps discovered:
D:1:      amcnicky_arrival_single_pillar, layout_loops_ring, serial_shops, shop,
          minmay_pentomino_z2
D:2:      layout_loops_ring, minmay_misc_feat_tiny, solitary_fountain,
          small_statue_intersection
D:3:      layout_loops_corners, serial_shops, nicolae_shop_hallway_plus,
          chequers_mini_garden, chequers_serial_rivers_micro_e, uniq_natasha,
          uniq_grinder

Skill      XL: |  1  2  3  4 |
---------------+-------------+-----
Long Blades    | 4 5 |  5.3
Fighting       | |  2.0
Throwing       | |  2.0
Dodging        | |  3.0

Action                   |  1- 3 |  4- 6 || total
-------------------------+-------+-------++-------
Melee: Long sword        |   111 |    96 ||   207
  Use: Scroll            |     3 |     4 ||     7
Armor: Leather armour    |    21 |       ||    21
       Scale mail        |    37 |    54 ||    91
Dodge: Dodged            |    82 |    82 ||   164
